Map: Interloper LE

Players

FiteSumCrime - Winner!

  • Race: Protoss Protoss
  • League: Grandmaster
  • Spawn Location: 11:00

Psych

  • Race: Terran Terran
  • League: Grandmaster
  • Spawn Location: 5:00

Event: HopeTL

VOD

https://www.youtube.com/watch?v=fIOJgj8wW98&list=PL9QsjkBYtQM7NVZEDVfaNugqO61aBOlm6&index=1

Description

Time

  • Played on: Sept. 30, 2017, 6:44 p.m.
  • Length: 7:57
Show
View Real Time Build Order
Export as new Build Order

FiteSumCrime Protoss - Winner!

Build Orders: 1 Gate Expand 

Get SALT Encoding   

  12  0:00  Probe (Chrono Boost)  
  13  0:11  Probe (Chrono Boost)  
  14  0:17  Pylon  
  14  0:22  Probe (Chrono Boost)  
  16  0:35  Probe (Chrono Boost)  
  16  0:37  Gateway  
  16  0:43  Assimilator  
  16  0:46  Probe (Chrono Boost)  
  18  0:57  Probe (Chrono Boost)  
  18  1:07  Probe (Chrono Boost)  
  19  1:21  Nexus  
  19  1:24  Probe (Chrono Boost)  
  20  1:35  Cybernetics Core  
  20  1:38  Probe (Chrono Boost)  
  21  1:43  Assimilator  
  21  1:51  Probe (Chrono Boost)  
  21  1:53  Pylon  
  22  2:01  Probe (Chrono Boost)  
  23  2:12  Warp Gate, Mothership Core (Chrono Boost)  
  25  2:20  Adept (Chrono Boost)  
  27  2:30  Probe (Chrono Boost)  
  27  2:32  Probe  
  27  2:36  Twilight Council  
  29  2:42  Probe (Chrono Boost)  
  29  2:43  Probe (Chrono Boost)  
  31  2:45  Adept (Chrono Boost)  
  33  2:54  Probe (Chrono Boost)  
  33  2:55  Probe (Chrono Boost)  
  35  3:05  Robotics Facility, Probe x2 (Chrono Boost)  
  37  3:12  Charge (Chrono Boost)  
  37  3:15  Probe (Chrono Boost)  
  37  3:16  Probe (Chrono Boost)  
  39  3:26  Probe x2 (Chrono Boost)  
  41  3:36  Probe x2 (Chrono Boost)  
  41  3:41  Gateway  
  43  3:43  Gateway  
  43  3:47  Probe  
  44  3:54  Warp Prism (Chrono Boost)  
  46  3:59  Gateway  
  46  4:02  Gateway  
  46  4:04  Gateway  
  46  4:10  Gateway  
  46  4:13  Pylon  
  46  4:19  Pylon  
  46  4:25  Pylon  
  46  4:32  Observer (Chrono Boost)  
  46  4:37  Zealot x2  
  46  4:38  Zealot  
  53  4:41  Dark Shrine  
  53  4:47  Warp Prism (Chrono Boost)  
  55  5:05  Zealot x7  
  69  5:10  Pylon  
  67  5:28  Zealot x6  
  73  5:32  Zealot  
  57  5:57  Zealot x7  
  69  6:19  Dark Templar x5  
  67  6:26  Zealot x2  
  69  6:34  Warp Prism  
  59  6:52  Zealot  
  59  6:53  Zealot x6  
  53  7:17  Zealot x7  
  59  7:42  Zealot x7  
Show
View Real Time Build Order
Export as new Build Order

Psych Terran 

Build Orders: MMM Bio 

Get SALT Encoding   

  12  0:00  SCV  
  13  0:12  SCV  
  14  0:17  Supply Depot  
  14  0:24  SCV  
  15  0:39  SCV  
  15  0:40  Barracks  
  16  0:48  Refinery  
  16  0:51  SCV  
  17  1:03  SCV  
  18  1:15  SCV  
  19  1:28  Marine  
  19  1:29  Orbital Command  
  20  1:43  Command Center  
  20  1:57  SCV  
  20  2:00  Barracks Reactor  
  21  2:05  Supply Depot  
  21  2:09  SCV  
  22  2:22  SCV  
  23  2:26  Command Center  
  23  2:34  SCV  
  23  2:36  Marine x2  
  26  2:41  Barracks  
  26  2:46  SCV  
  27  2:54  Barracks  
  27  2:57  Marine x2  
  29  3:03  Orbital Command  
  29  3:08  SCV  
  30  3:18  Engineering Bay  
  30  3:19  Marine x2  
  32  3:21  SCV  
  33  3:29  Barracks Tech Lab  
  33  3:32  SCV  
  33  3:33  SCV  
  35  3:39  Orbital Command  
  35  3:42  Marine  
  35  3:43  Marine x2  
  35  3:45  SCV  
  35  3:47  SCV  
  40  3:52  Missile Turret  
  40  3:54  Stimpack  
  40  3:55  Marine  
  40  3:58  SCV  
  40  4:00  SCV  
  43  4:04  SCV  
  43  4:09  Barracks Tech Lab  
  44  4:10  SCV  
  44  4:11  Factory  
  44  4:14  SCV  
  44  4:16  Marauder  
  48  4:21  SCV, Missile Turret  
  49  4:25  Barracks  
  49  4:26  Marine  
  49  4:28  SCV  
  49  4:30  Combat Shields  
  51  4:32  SCV  
  52  4:40  Supply Depot  
  52  4:41  Bunker  
  52  4:44  SCV  
  52  4:45  Supply Depot, Marine x2  
  55  4:50  Marauder  
  57  4:53  SCV, Bunker  
  57  4:54  Marine  
  57  4:55  Factory Tech Lab  
  57  4:57  SCV  
  60  5:03  Supply Depot  
  60  5:04  Marine x2  
  60  5:06  SCV  
  63  5:09  Supply Depot  
  63  5:11  Marine  
  64  5:18  Marine x2  
  66  5:22  Marine  
  66  5:25  Marine  
  66  5:27  SCV x2  
  68  5:29  Marauder  
  65  5:36  SCV, Marine x2  
  65  5:40  Marine  
  69  5:43  Siege Tank, Marine  
  70  5:50  Marine  
  70  5:54  Marine x2  
  71  5:58  SCV, Marine  
  71  6:01  Marine  
  71  6:02  Refinery  
  74  6:08  Marauder  
  74  6:09  SCV  
  74  6:10  SCV  
  77  6:11  Marine x2  
  77  6:15  Marine  
  78  6:24  Marine  
  69  6:29  Marine  
  69  6:32  Marine x2  
  64  6:33  Marine  
  49  6:42  Marine  
  49  6:43  SCV  
  47  6:47  Marauder  
  47  6:50  Marine x2  
  47  6:51  Marine  
  49  7:00  Marine  
  49  7:04  SCV x2  
  49  7:08  Marine x2, Marauder  
  41  7:09  Marine  
  41  7:12  SCV  
  42  7:16  SCV x2  
  42  7:18  Marine  
  45  7:24  SCV  
  45  7:26  Marine  
  45  7:27  Marauder  
  43  7:31  Marine x2  
Tags
 
Add a new tag
Caveats
  • Supply blocks, unpowered buildings, or Contaminate may cause inaccurate times.
  • Supply counts are checked every 10 seconds.